 Dungeon Crawl Stone Soup version 0.27-a0-633-gc6addc0a40 (webtiles) character file.

Game seed: 15059886439498626128

179 jestyr24 the Magician (level 5, -12/28 HPs)
             Began as a Deep Elf Hedge Wizard on Mar 13, 2021.
             Was a Follower of Elyvilon.
             Mangled by an ogre
             ... wielding a +0 giant spiked club
              (19 damage)
             ... on level 4 of the Dungeon.
             The game lasted 00:37:24 (5667 turns).

jestyr24 the Magician (Deep Elf Hedge Wizard)       Turns: 5667, Time: 00:37:25

Health: -12/28     AC:  3    Str:  7    XL:     5   Next: 32%
Magic:  7/15       EV: 12    Int: 20    God:    Elyvilon [*.....]
Gold:   184        SH:  0    Dex: 14    Spells: 5/16 levels left

rFire    . . .     SeeInvis .   t - +1 war axe (freeze)
rCold    . . .     Faith    .   (no shield)
rNeg     . . .     Spirit   .   b - +0 robe
rPois    .         Reflect  .   c - +0 hat
rElec    .         Harm     .   m - +0 cloak
rCorr    .         Rampage  .   (no gloves)
Will     .....                  (no boots)
Stlth    ++........             (no amulet)
HPRegen  0.09/turn              (no ring)
MPRegen  0.14/turn              (no ring)

@: no status effects
A: no striking features
a: Renounce Religion, Lesser Healing, Divine Protection


You were on level 4 of the Dungeon.
You worshipped Elyvilon.
Elyvilon was aware of your devotion.
You visited 1 branch of the dungeon, and saw 5 of its levels.

You collected 184 gold pieces.

Inventory:

Hand Weapons
 a - a +0 dagger
 t - a +1 war axe of freezing (weapon)
Missiles
 s - 20 poisoned darts
Armour
 b - a +0 robe (worn)
 c - a +0 hat (worn)
 m - a +0 cloak (worn)
 v - a +0 pair of gloves
Magical Staves
 r - a staff of fire
Scrolls
 d - 3 scrolls of immolation
 f - a scroll of magic mapping {unknown}
 g - a scroll of teleportation {unknown}
 j - a scroll of enchant weapon {unknown}
 l - 3 scrolls of identify {unknown}
 q - a scroll of blinking {unknown}
 u - a scroll of amnesia {unknown}
Potions
 e - 4 potions of heal wounds {unknown}
 h - 2 potions of attraction {unknown}
 i - 2 potions of haste {unknown}
 k - a potion of curing {unknown}
 n - a potion of berserk rage {unknown}
 o - a potion of mutation {unknown}
 p - a potion of flight {unknown}


   Skills:
 - Level 0.2 Fighting
 - Level 2.7 Dodging
 - Level 2.6 Stealth
 + Level 6.1 Spellcasting
 + Level 2.0 Conjurations
 + Level 4.3 Hexes
 - Level 1.1 Summonings
 - Level 1.1 Translocations


You had 5 spell levels left.
You knew the following spells:

 Your Spells              Type           Power      Damage    Failure   Level
a - Magic Dart            Conj           56%        1d5       4%          1
b - Slow                  Hex            23%        N/A       2%          2
c - Ensorcelled Hibernat  Hex/Ice        28%        N/A       6%          2
d - Tukima's Dance        Hex            23%        N/A       5%          3
e - Confusing Touch       Hex            23%        N/A       5%          3

Your spell library contained the following spells:

 Spells                   Type           Power      Damage    Failure   Level
 Corona                   Hex            25%        N/A       1%          1
 Dazzling Flash           Conj/Hex       36%        N/A       9%          3
 Blink                    Tloc           N/A        N/A       10%         2
 Call Imp                 Summ           10%        N/A       10%         2
 Conjure Flame            Conj/Fire      10%        6-21      21%         3
 Mephitic Cloud           Conj/Pois/Air  8%         N/A       24%         3


Dungeon Overview and Level Annotations

Branches:
Dungeon (5/15)
 Temple: D:4-7

Altars:
Elyvilon
Trog
Xom
Zin
The Shining One


Message History

Aim: an ogre, wielding a +0 giant spiked club (lightly wounded, chance to confuse on hit: 52%, 0% to evade)
The magic dart hits the ogre.
The ogre is lightly wounded.
Casting: Magic Dart (safe; 4% risk of failure)
Confirm with . or Enter, or press ? or * to list all spells.
Aiming: Ensorcelled Hibernation (safe; 6% risk of failure)
Press: ? - help, Shift-Dir - straight line, f/p - ogre
Aim: an ogre, wielding a +0 giant spiked club (lightly wounded, chance to confuse on hit: 52%, chance to affect: 45%)
The ogre looks drowsy...
The ogre shouts!
The ogre barely misses you.
You hit the ogre but do no damage.
The ogre is lightly wounded.
The ogre closely misses you.
Casting: Ensorcelled Hibernation (safe; 6% risk of failure)
Confirm with . or Enter, or press ? or * to list all spells.
Aiming: Slow (safe; 2% risk of failure)
Press: ? - help, Shift-Dir - straight line, f/p - ogre
Aim: an ogre, wielding a +0 giant spiked club (lightly wounded, chance to confuse on hit: 52%, chance to affect: 62%)
The ogre seems to slow down.
The ogre hits you with a +0 giant spiked club!!
Ouch! That really hurt!
* * * LOW HITPOINT WARNING * * *
Unknown command.
You hit the ogre but do no damage.
The ogre is lightly wounded.
Your hands stop glowing.
You slash the ogre! You freeze the ogre.
The ogre is severely wounded.
The ogre misses you.
You completely miss the ogre.
The ogre is severely wounded.
The ogre closely misses you.
You barely miss the ogre.
The ogre is severely wounded.
You hit the ogre. You freeze the ogre.
The ogre is almost dead.
The ogre hits you with a +0 giant spiked club!!
Ouch! That really hurt!
You die...

#############################
.......................#....
.......................#...
.......[...............#..
................@##...##.# ###
.......##...##..O##...##.####.##
..##...##...##...#.......'....^#
..##...##...##...##......#.....#
..#....#....##.).##......#.....#
..#....#....#............#.....#
..#....'....'............#.....#
..##...##...#............#..<..#
..#######...##...###..[####...###


You could see an ogre (slow).

Vanquished Creatures
  4 adders
  An ooze (D:2)
  5 worms
  3 dart slugs
  4 leopard geckos
  11 orcs
  A ball python (D:1)
  6 giant cockroaches
  16 goblins
  9 hobgoblins
  3 jackals (D:3)
  A quokka (D:4)
  12 bats
  3 frilled lizards
  11 kobolds
  A leopard gecko skeleton (D:4)
  3 rats
94 creatures vanquished.

Vanquished Creatures (others)
  2 dancing weapons (D:3)
  9 plants (D:3)
11 creatures vanquished.

Grand Total: 105 creatures vanquished

Notes
Turn   | Place    | Note
-------+----------+-------------------------------------------
     0 | D:1      | jestyr24 the Deep Elf Hedge Wizard began the quest for the
                  | Orb.
     0 | D:1      | Reached XP level 1. HP: 10/10 MP: 7/7
   151 | D:1      | Reached XP level 2. HP: 8/15 MP: 0/9
   289 | D:1      | Learned a level 2 spell: Slow
   340 | D:1      | Reached skill level 5 in Spellcasting
   682 | D:1      | Reached XP level 3. HP: 19/19 MP: 3/11
  1550 | D:2      | Found a shimmering altar of Xom.
  1652 | D:2      | Learned a level 2 spell: Ensorcelled Hibernation
  1656 | D:2      | Learned a level 3 spell: Tukima's Dance
  1729 | D:2      | Reached skill level 1 in Hexes
  2076 | D:2      | Found a white marble altar of Elyvilon.
  2084 | D:2      | Became a worshipper of Elyvilon the Healer
  2194 | D:2      | Reached XP level 4. HP: 21/24 MP: 6/13
  2824 | D:4      | Noticed an ogre
  2984 | D:5      | Entered Level 5 of the Dungeon
  2984 | D:5      | Noticed a sky beast
  3552 | D:3      | Reached * piety under Elyvilon
  3828 | D:3      | Found a bloodstained altar of Trog.
  4274 | D:3      | Found a faded altar of an unknown god.
  4474 | D:3      | Reached XP level 5. HP: 23/28 MP: 15/15
  4847 | D:3      | Reached skill level 6 in Spellcasting
  5374 | D:3      | Found a glowing golden altar of the Shining One.
  5500 | D:3      | Found a glowing silver altar of Zin.
  5559 | D:3      | Learned a level 3 spell: Confusing Touch
  5667 | D:4      | Mangled by an ogre

Illustrated notes

Levels and vault maps discovered:
D:1:      minmay_arrival_stair_chambers, layout_rooms, serial_glass,
          glass_columns_c, glass_columns_a, glass_columns_b, glass_columns_c,
          glass_columns_a, glass_columns_b, glass_columns_c, glass_columns_c,
          glass_columns_a, glass_columns_c, glass_columns_a, glass_columns_a,
          glass_columns_c, glass_columns_b
D:2:      layout_rooms, nicolae_overflow_hidden_temple,
          nicolae_elyvilon_temple_path, minmay_close_crescents
D:3:      corexii_shack_village, layout_basic, zin_treasury, tso_altar,
          chequers_ecumenical_altar_simple_redux, kennysheep_decorative_pillar,
          trog_hazing_becter
D:4:      layout_gridville, minmay_temple_entry_butterflies, serial_shops, shop
D:5:      layout_loops_cross, grunt_temple_overflow_cloverleaf,
          amcnicky_mini_corridor_feature

Skill      XL: |  1  2  3  4  5 |
---------------+----------------+-----
Spellcasting   | 5 6 |  6.1
Hexes          | 2 4 |  4.3
Conjurations   | 2 |  2.0
Fighting       | |  0.2
Dodging        | |  2.7
Stealth        | |  2.6
Summonings     | |  1.1
Translocations | |  1.1

Action                   |  1- 3 |  4- 6 || total
-------------------------+-------+-------++-------
Melee: Dagger            |    18 |    87 ||   105
       War axe           |       |    54 ||    54
 Cast: Magic Dart        |   109 |   145 ||   254
       Slow              |     2 |    10 ||    12
       Tukima's Dance    |       |     6 ||     6
       Ensorcelled Hiber |       |     5 ||     5
       Confusing Touch   |       |     1 ||     1
  Use: Scroll            |     1 |       ||     1
 Stab: Sleeping          |     1 |     1 ||     2
Armor: Robe              |    11 |    45 ||    56
Dodge: Dodged            |    23 |   142 ||   165

Table legend: (Time is in decaauts)
 A = Elapsed time spent in this place.
 B = Non-inter-level travel time spent in this place.
 C = Inter-level travel time spent in this place.
 D = Time resting spent in this place.
 E = Time spent auto-exploring this place.
 F = Levels seen in this place.
 G = Mean time per level.
                   A        B        C        D        E       F      G
               +--------+--------+--------+--------+--------+-----+--------+
         Total |   5696 |   5518 |    178 |   1999 |   2288 |   5 | 1139.2 |
       Dungeon |   5696 |   5518 |    178 |   1999 |   2288 |   5 | 1139.2 |
               +--------+--------+--------+--------+--------+-----+--------+

Top non-repeatable levels by time:
     D:3: 2324 daAuts
     D:1: 1321 daAuts
     D:2: 1319 daAuts
     D:4: 729 daAuts
     D:5: 1 daAuts
